Red Wings vs Jets
(R1)
Created - October 24, 2024 at 20:35
Goals
|
| Red Wings |
1 |
1 |
1 |
3 |
| Jets |
1 |
2 |
2 |
5 |
|
Shots
|
| Red Wings |
12 |
9 |
11 |
32 |
| Jets |
8 |
14 |
10 |
32 |
|
1st period
1. Red Wings , Jake Virtanen 1 (Danton Heinen 1, Charlie Coyle 1) at 9:46
2. Jets , Nino Niederreiter 3 (Tyler Toffoli 2, Max Domi 3) at 15:41
Penalties :
Dougie Hamilton (Win) for High sticking (Minor) at 0:56, Nino Niederreiter (Win) for Interference (Minor) at 6:05, Dougie Hamilton (Win) for Tripping (Minor) at 13:05, Colton Parayko (Det) for Tripping (Minor) at 15:51, Danton Heinen (Det) for Slashing (Minor) at 18:35
2nd period
3. Jets , Kyle Connor 1 (Jeff Carter 1) at 8:21
4. Red Wings , Danton Heinen 1 (Colton Parayko 1, Hampus Lindholm 2) at 16:17
5. Jets , Alex Galchenyuk 2 (Ryan Johansen 1) at 16:21
Penalties :
Dylan Larkin (Det) for Roughing (Minor) at 13:26
3rd period
6. Red Wings , David Backes 2 (Charlie Coyle 2, Hampus Lindholm 3) at 0:52 (PP)
7. Jets , Erik Cernak 1 (Kyle Connor 1, Frank Vatrano 1) at 14:39
8. Jets , Troy Stetcher 1 (Nino Niederreiter 2, Ryan Murray 2) at 19:05 (Empty Net)
Penalties :
Adam Larsson (Win) for Holding (Minor) at 0:43, Adam Larsson (Win) for Holding (Minor) at 1:11, Adam Larsson (Win) for Interference (Minor) at 3:33, Adam Larsson (Win) for Hooking (Minor) at 9:08, Drew Fata (Det) for Tripping (Minor) at 12:22
Goalie Stats
Alexandar Georgiev (Det), 27 saves from 31 shots - (0.871), L, 1-1-0, 59:43 minutes
Jacob Markstrom (Win), 29 saves from 32 shots - (0.906), W, 2-0-0, 60:00 minutes
Players Stats for Red Wings
Player Name G A P +/- PIM S H SB GA TA FO MP PP MP PK MP
------------------------------------------------------------------------------------
Brendan Lemieux 0 0 0 -3 0 3 2 0 0 0 1/1 21:04 6:13 0:53
Carson Mcmillan 0 0 0 -1 0 1 1 0 0 0 0/0 12:13 0:01 5:01
Charlie Coyle 0 2 2 1 0 1 2 0 0 1 8/20 17:00 5:48 0:00
Colton Parayko 0 1 1 0 2 2 4 3 0 3 0/0 25:37 6:29 2:04
Connor Brown 0 0 0 -2 0 5 0 1 1 0 0/0 19:49 6:14 0:00
Danton Heinen 1 1 2 1 2 5 1 0 2 1 0/1 17:08 5:48 0:00
David Backes 1 0 1 0 0 2 1 0 0 0 1/1 13:29 5:48 0:00
Drew Fata 0 0 0 -2 2 0 0 0 0 0 0/0 12:35 0:00 1:58
Dylan Larkin 0 0 0 -2 2 2 2 0 1 0 15/26 19:55 6:14 0:00
Hampus Lindholm 0 2 2 1 0 4 2 2 2 2 0/0 22:41 6:23 1:27
Jake Virtanen 1 0 1 1 0 3 1 0 1 0 1/1 16:59 5:34 0:00
Lucas Lessio 0 0 0 -2 0 0 0 1 0 0 0/0 7:58 0:00 0:53
Marco Scandella 0 0 0 -3 0 2 0 2 0 0 0/0 20:16 0:06 5:07
Max Reinhart 0 0 0 0 0 0 0 0 0 0 3/5 10:03 0:01 2:02
Philip Samuelsson 0 0 0 -3 0 1 3 1 0 0 0/0 23:05 5:34 2:10
Roland McKeown 0 0 0 0 0 0 0 2 0 0 0/0 10:12 0:00 3:06
T.J. Hensick 0 0 0 -1 0 0 0 2 0 0 3/10 11:50 0:00 5:01
Tye McGinn 0 0 0 0 0 1 0 0 0 0 1/1 10:06 0:02 2:02
Players Stats for Jets
Player Name G A P +/- PIM S H SB GA TA FO MP PP MP PK MP
------------------------------------------------------------------------------------
Adam Larsson 0 0 0 1 8 0 0 1 2 4 0/0 21:10 0:00 3:25
Alex Galchenyuk 1 0 1 0 0 3 3 0 0 0 1/2 19:01 4:17 1:46
Anthony Mantha 0 0 0 0 0 2 1 0 2 0 0/0 20:41 4:41 6:23
Dougie Hamilton 0 0 0 1 4 4 2 0 1 0 0/0 27:31 4:41 5:20
Dylan Strome 0 0 0 0 0 1 2 1 0 0 5/8 10:58 0:00 1:47
Erik Cernak 1 0 1 1 0 2 0 0 0 0 0/0 14:40 0:00 6:28
Frank Vatrano 0 1 1 1 0 4 1 1 0 0 0/1 11:52 0:00 4:26
Jeff Carter 0 1 1 1 0 0 0 0 0 0 2/4 7:26 0:00 0:06
Kyle Connor 1 1 2 1 0 2 0 0 0 0 0/1 7:19 0:00 0:00
Max Domi 0 1 1 2 0 3 1 0 0 1 5/9 13:57 3:39 0:00
Mirco Mueller 0 0 0 1 0 2 0 0 0 0 0/0 9:20 0:00 0:42
Nino Niederreiter 1 1 2 2 2 2 2 0 1 0 4/4 17:04 3:39 3:02
Ryan Johansen 0 1 1 0 0 0 2 0 0 0 11/26 17:10 4:17 0:00
Ryan Murray 0 1 1 1 0 3 2 2 0 0 0/0 21:37 3:15 4:25
Sam Reinhart 0 0 0 0 0 0 3 0 1 0 0/0 9:10 0:00 0:00
Troy Stetcher 1 0 1 1 0 1 2 1 0 1 0/0 20:58 3:15 3:46
Tyler Seguin 0 0 0 0 0 1 0 1 0 0 5/11 23:59 4:17 6:36
Tyler Toffoli 0 1 1 2 0 2 3 1 0 1 0/0 13:57 3:39 0:00
3 Stars
1 - Nino Niederreiter (Win)
2 - Kyle Connor (Win)
3 - Troy Stetcher (Win)
Power Play
Red Wings - 1 on 7 Attempt(s) - 14.29%
Jets - 0 on 4 Attempt(s) - 0.00%
Penalty Kill
Red Wings - 4 on 4 Attempt(s) - 100.00%
- Score 0 goal in Penalty Kill
Jets - 6 on 7 Attempt(s) - 85.71%
- Score 0 goal in Penalty Kill
Team Stat
Red Wings - Hits : 19 - Faceoff Wins : 33 - Blocked Shots : 14 - Penalty Minutes : 8
Jets - Hits : 24 - Faceoff Wins : 33 - Blocked Shots : 8 - Penalty Minutes : 14
Official
Referees : Francis Charron and Ian Walsh
Linesman : Vaughan Rody and Tony Sericolo
Game Notes
Roland McKeown is injured at 13:56 of 2nd period (Left Foot)
Troy Stetcher has scored in a empty net!
Finance
Level 1 -- Attendance: 5668 (94.47%) -- Ticket Income $566,800
Level 2 -- Attendance: 4896 (97.92%) -- Ticket Income $342,720
Level 3 -- Attendance: 2000 (100.00%) -- Ticket Income $80,000
Level 4 -- Attendance: 4000 (100.00%) -- Ticket Income $120,000
Luxury Box -- Attendance: 906 (90.60%) -- Ticket Income $181,200
Game was played at the Bell MTS Place.
Total Attendance: 17470 (97.06%)
Total Ticket Income: $1,290,720
Other Income: $193,608
Total Income: $1,484,328
Red Wings
5 vs 5 Forward
Center Left Wing Right Wing Time % Phy DF OF
1 Dylan Larkin Brendan Lemieux Connor Brown 35 1 2 2
2 Charlie Coyle Danton Heinen Jake Virtanen 35 1 2 2
3 Max Reinhart Tye McGinn David Backes 20 1 2 2
4 T.J. Hensick Lucas Lessio Carson Mcmillan 10 1 2 2
5 vs 5 Defense
Defense Defense Time % Phy DF OF
1 Hampus Lindholm Colton Parayko 40 1 2 2
2 Philip Samuelsson Marco Scandella 30 1 2 2
3 Drew Fata Roland McKeown 20 1 2 2
4 Drew Fata Roland McKeown 10 1 2 2
PowerPlay Forward
Center Left Wing Right Wing Time % Phy DF OF
1 Dylan Larkin Brendan Lemieux Connor Brown 60 1 2 2
2 Charlie Coyle Danton Heinen David Backes 40 1 2 2
PowerPlay Defense
Defense Defense Time % Phy DF OF
1 Hampus Lindholm Colton Parayko 60 1 2 2
2 Philip Samuelsson Jake Virtanen 40 1 2 2
Penalty Kill 4 Players Forward
Center Wing Time % Phy DF OF
1 T.J. Hensick Carson Mcmillan 60 1 2 2
2 Max Reinhart Tye McGinn 40 1 2 2
Penalty Kill 4 Players Defense
Defense Defense Time % Phy DF OF
1 Marco Scandella Roland McKeown 60 1 2 2
2 Colton Parayko Drew Fata 40 1 2 2
Penalty Kill - 3 Players Forward
Forward Time % Phy DF OF
1 Carson Mcmillan 60 1 2 2
2 Max Reinhart 40 1 2 2
Penalty Kill - 3 Players Defense
Defense Defense Time % Phy DF OF
1 Marco Scandella Roland McKeown 60 1 2 2
2 Drew Fata Colton Parayko 40 1 2 2
4 vs 4 Forward
Center Wing Time % Phy DF OF
1 Dylan Larkin Connor Brown 60 1 2 2
2 Charlie Coyle Brendan Lemieux 40 1 2 2
4 vs 4 Defense
Defense Defense Time % Phy DF OF
1 Hampus Lindholm Philip Samuelsson 60 1 2 2
2 Colton Parayko Marco Scandella 40 1 2 2
Last Minutes Offensive
Center Left Wing Right Wing Defense Defense
Dylan Larkin Brendan Lemieux Connor Brown Hampus Lindholm Philip Samuelsson
Last Minutes Defensive
Center Left Wing Right Wing Defense Defense
T.J. Hensick Tye McGinn Carson Mcmillan Colton Parayko Roland McKeown
Goaltenders
Starting : Alexandar Georgiev
Backup : Frederik Andersen
Extra Forwards
Normal : David Backes, T.J. Hensick, Tye McGinn - PP : Tye McGinn, Max Reinhart - PK : Lucas Lessio
Extra Defensemen
Normal : Roland McKeown, Philip Samuelsson, Marco Scandella - PP : Marco Scandella - PK : Philip Samuelsson, Hampus Lindholm
Penalty Shots
Dylan Larkin, Carson Mcmillan, Charlie Coyle, Max Reinhart, Connor Brown
Custom OT Lines Forwards
Dylan Larkin, Connor Brown, Brendan Lemieux, Charlie Coyle, Danton Heinen, David Backes, Jake Virtanen, Carson Mcmillan, Max Reinhart, T.J. Hensick
Custom OT Lines Defensemen
Hampus Lindholm, Philip Samuelsson, Colton Parayko, Roland McKeown, Marco Scandella
Scratches
Brendan Woods (Healthy), Martin Marincin (Healthy)
Jets
5 vs 5 Forward
Center Left Wing Right Wing Time % Phy DF OF
1 Ryan Johansen Alex Galchenyuk Tyler Seguin 35 1 2 2
2 Max Domi Nino Niederreiter Tyler Toffoli 30 1 2 2
3 Dylan Strome Anthony Mantha Sam Reinhart 25 1 2 2
4 Jeff Carter Kyle Connor Frank Vatrano 10 1 2 2
5 vs 5 Defense
Defense Defense Time % Phy DF OF
1 Dougie Hamilton Adam Larsson 40 1 2 2
2 Ryan Murray Troy Stetcher 30 1 2 2
3 Mirco Mueller Erik Cernak 20 1 2 2
4 Dougie Hamilton Adam Larsson 10 1 2 2
PowerPlay Forward
Center Left Wing Right Wing Time % Phy DF OF
1 Ryan Johansen Alex Galchenyuk Tyler Seguin 60 1 2 2
2 Max Domi Nino Niederreiter Tyler Toffoli 40 1 2 2
PowerPlay Defense
Defense Defense Time % Phy DF OF
1 Dougie Hamilton Anthony Mantha 60 1 2 2
2 Ryan Murray Troy Stetcher 40 1 2 2
Penalty Kill 4 Players Forward
Center Wing Time % Phy DF OF
1 Tyler Seguin Anthony Mantha 60 1 2 2
2 Nino Niederreiter Frank Vatrano 40 1 2 2
Penalty Kill 4 Players Defense
Defense Defense Time % Phy DF OF
1 Dougie Hamilton Adam Larsson 60 1 2 2
2 Ryan Murray Troy Stetcher 40 1 2 2
Penalty Kill - 3 Players Forward
Forward Time % Phy DF OF
1 Anthony Mantha 60 1 2 2
2 Frank Vatrano 40 1 2 2
Penalty Kill - 3 Players Defense
Defense Defense Time % Phy DF OF
1 Dougie Hamilton Adam Larsson 60 1 2 2
2 Ryan Murray Troy Stetcher 40 1 2 2
4 vs 4 Forward
Center Wing Time % Phy DF OF
1 Ryan Johansen Tyler Seguin 60 1 2 2
2 Nino Niederreiter Alex Galchenyuk 40 1 2 2
4 vs 4 Defense
Defense Defense Time % Phy DF OF
1 Dougie Hamilton Adam Larsson 60 1 2 2
2 Ryan Murray Troy Stetcher 40 1 2 2
Last Minutes Offensive
Center Left Wing Right Wing Defense Defense
Ryan Johansen Alex Galchenyuk Tyler Seguin Dougie Hamilton Adam Larsson
Last Minutes Defensive
Center Left Wing Right Wing Defense Defense
Ryan Johansen Alex Galchenyuk Tyler Seguin Dougie Hamilton Adam Larsson
Goaltenders
Starting : Jacob Markstrom
Backup : Elvis Merzlikins
Extra Forwards
Normal : Anthony Mantha, Jeff Carter, Frank Vatrano - PP : Anthony Mantha, Jeff Carter - PK : Frank Vatrano
Extra Defensemen
Normal : Mirco Mueller, Erik Cernak, Ryan Murray - PP : Mirco Mueller - PK : Erik Cernak, Ryan Murray
Penalty Shots
Alex Galchenyuk, Tyler Seguin, Nino Niederreiter, Ryan Johansen, Tyler Toffoli
Custom OT Lines Forwards
Alex Galchenyuk, Tyler Seguin, Nino Niederreiter, Ryan Johansen, Tyler Toffoli, Max Domi, Anthony Mantha, Jeff Carter, Frank Vatrano, Dylan Strome
Custom OT Lines Defensemen
Dougie Hamilton, Adam Larsson, Ryan Murray, Troy Stetcher, Mirco Mueller
Scratches
None
% Time on Ice - Red Wings
Lines # - Real PCT - Wanted PCT - Time Play
Normal Forward
1 - 36% - 35% - 14:31
2 - 28% - 35% - 11:22
3 - 19% - 20% - 7:28
4 - 17% - 10% - 6:40
Normal Defense
1 - 45% - 40% - 17:55
2 - 33% - 30% - 13:12
3 - 19% - 20% - 7:28
4 - 4% - 10% - 1:26
PP Forward
1 - 52% - 60% - 6:15
2 - 48% - 40% - 5:48
PP Defense
1 - 54% - 60% - 6:29
2 - 46% - 40% - 5:34
PK Forward
1 - 74% - 60% - 5:54
2 - 26% - 40% - 2:02
PK Defense
1 - 64% - 60% - 5:07
2 - 36% - 40% - 2:49
PK3 Forward
1 - 0% - 60%
2 - 0% - 40%
PK3 Defense
1 - 0% - 60%
2 - 0% - 40%
44 Forward
1 - 0% - 60%
2 - 0% - 40%
44 Defense
1 - 0% - 60%
2 - 0% - 40%
Last Minute Offensive - 0:00
Last Minute Defensive - 0:00
Total
Forward - 60:00
Defense - 60:00
|
% Time on Ice - Jets
Lines # - Real PCT - Wanted PCT - Time Play
Normal Forward
1 - 33% - 35% - 13:08
2 - 26% - 30% - 10:24
3 - 23% - 25% - 9:10
4 - 18% - 10% - 7:19
Normal Defense
1 - 44% - 40% - 17:32
2 - 35% - 30% - 13:57
3 - 19% - 20% - 7:48
4 - 2% - 10% - 0:44
PP Forward
1 - 54% - 60% - 4:17
2 - 46% - 40% - 3:39
PP Defense
1 - 59% - 60% - 4:41
2 - 41% - 40% - 3:15
PK Forward
1 - 68% - 60% - 8:12
2 - 32% - 40% - 3:51
PK Defense
1 - 69% - 60% - 8:17
2 - 31% - 40% - 3:46
PK3 Forward
1 - 0% - 60%
2 - 0% - 40%
PK3 Defense
1 - 0% - 60%
2 - 0% - 40%
44 Forward
1 - 0% - 60%
2 - 0% - 40%
44 Defense
1 - 0% - 60%
2 - 0% - 40%
Last Minute Offensive - 0:00
Last Minute Defensive - 0:00
Total
Forward - 60:00
Defense - 60:00
|
Play-by-Play
1st period
0:01 of 1st period - Dylan Larkin wins face-off versus Ryan Johansen in neutral zone.
0:06 of 1st period - Icing by Adam Larsson.
0:07 of 1st period - Ryan Johansen wins face-off versus Dylan Larkin in Jets zone.
0:56 of 1st period - Minor Penalty to Dougie Hamilton for High sticking.
0:57 of 1st period - David Backes wins face-off versus Tyler Seguin in Jets zone.
0:57 of 1st period - Wrist shot by Danton Heinen.
0:57 of 1st period - Deflect By Anthony Mantha.
0:57 of 1st period - Shot Blocked by Troy Stetcher.
0:57 of 1st period - Puck is out of play.
0:58 of 1st period - Tyler Seguin wins face-off versus Charlie Coyle in Jets zone.
1:13 of 1st period - Snap shot by David Backes.
1:13 of 1st period - Shot Hit the Post.
1:15 of 1st period - Slapshot by Philip Samuelsson.
1:15 of 1st period - Stopped by Jacob Markstrom with a rebound.
2:14 of 1st period - David Backes is hit by Dylan Strome and loses puck.
2:56 of 1st period - Penalty to Dougie Hamilton is over, Dougie Hamilton is back on ice.
3:03 of 1st period - Nino Niederreiter is hit by Hampus Lindholm and loses puck.
3:24 of 1st period - Snap shot by Tye McGinn.
3:24 of 1st period - Shot Blocked by Ryan Murray.
3:31 of 1st period - Icing by Frank Vatrano.
3:32 of 1st period - T.J. Hensick wins face-off versus Dylan Strome in Jets zone.
4:43 of 1st period - Frank Vatrano is hit by Charlie Coyle and loses puck.
5:21 of 1st period - Snap shot by Lucas Lessio.
5:21 of 1st period - Shot Misses the Net.
5:29 of 1st period - Hampus Lindholm is hit by Sam Reinhart and loses puck.
5:52 of 1st period - Colton Parayko is hit by Nino Niederreiter and loses puck.
5:59 of 1st period - Tyler Toffoli is hit by Jake Virtanen.
6:05 of 1st period - Minor Penalty to Nino Niederreiter for Interference.
6:06 of 1st period - Dylan Larkin wins face-off versus Tyler Seguin in Jets zone.
6:19 of 1st period - Slapshot by Brendan Lemieux.
6:19 of 1st period - Shot Blocked by Tyler Seguin.
6:21 of 1st period - Snap shot by Jake Virtanen.
6:21 of 1st period - Shot Misses the Net.
6:23 of 1st period - Wrist shot by Connor Brown.
6:23 of 1st period - Stopped by Jacob Markstrom with a rebound.
8:05 of 1st period - Penalty to Nino Niederreiter is over, Nino Niederreiter is back on ice.
8:10 of 1st period - Nino Niederreiter is hit by Carson Mcmillan and loses puck.
8:32 of 1st period - Carson Mcmillan is hit by Alex Galchenyuk and loses puck.
9:03 of 1st period - David Backes is hit by Max Domi and loses puck.
9:32 of 1st period - Icing by Alex Galchenyuk.
9:33 of 1st period - Ryan Johansen wins face-off versus Charlie Coyle in Jets zone.
9:46 of 1st period - Backhand shot by Jake Virtanen.
9:46 of 1st period - Goal by Jake Virtanen - Red Wings : 1 - Jets : 0.
9:47 of 1st period - Ryan Johansen wins face-off versus Charlie Coyle in neutral zone.
9:58 of 1st period - Snap shot by Danton Heinen.
9:58 of 1st period - Stopped by Jacob Markstrom with a rebound.
10:00 of 1st period - Slapshot by Charlie Coyle.
10:00 of 1st period - Stopped by Jacob Markstrom without a rebound.
10:01 of 1st period - Charlie Coyle wins face-off versus Dylan Strome in Jets zone.
10:04 of 1st period - Snap shot by Danton Heinen.
10:04 of 1st period - Shot Misses the Net.
10:06 of 1st period - Slapshot by Marco Scandella.
10:06 of 1st period - Stopped by Jacob Markstrom with a rebound.
10:08 of 1st period - Slapshot by Marco Scandella.
10:08 of 1st period - Shot Blocked by Dylan Strome.
10:10 of 1st period - Wrist shot by Charlie Coyle.
10:10 of 1st period - Shot Misses the Net.
10:12 of 1st period - Slapshot by Marco Scandella.
10:12 of 1st period - Stopped by Jacob Markstrom without a rebound.
10:13 of 1st period - Max Domi wins face-off versus Charlie Coyle in Jets zone.
10:28 of 1st period - Snap shot by Jake Virtanen.
10:28 of 1st period - Stopped by Jacob Markstrom with a rebound.
10:30 of 1st period - Snap shot by Jake Virtanen.
10:30 of 1st period - Stopped by Jacob Markstrom with a rebound.
10:47 of 1st period - Wrist shot by Dylan Larkin.
10:47 of 1st period - Stopped by Jacob Markstrom with a rebound.
11:07 of 1st period - Troy Stetcher is hit by Colton Parayko and loses puck.
11:43 of 1st period - Icing by Carson Mcmillan.
11:44 of 1st period - Max Domi wins face-off versus Charlie Coyle in Red Wings zone.
13:05 of 1st period - Minor Penalty to Dougie Hamilton for Tripping.
13:06 of 1st period - Dylan Larkin wins face-off versus Tyler Seguin in Jets zone.
13:20 of 1st period - Snap shot by Brendan Lemieux.
13:20 of 1st period - Stopped by Jacob Markstrom without a rebound.
13:21 of 1st period - Tyler Seguin wins face-off versus Dylan Larkin in Jets zone.
13:42 of 1st period - Wrist shot by Danton Heinen.
13:42 of 1st period - Stopped by Jacob Markstrom with a rebound.
14:02 of 1st period - Snap shot by Adam Larsson.
14:02 of 1st period - Shot Misses the Net.
14:08 of 1st period - Anthony Mantha is hit by Philip Samuelsson and loses puck.
14:43 of 1st period - Wrist shot by Frank Vatrano.
14:43 of 1st period - Stopped by Alexandar Georgiev without a rebound.
14:44 of 1st period - Nino Niederreiter wins face-off versus Dylan Larkin in Red Wings zone.
15:05 of 1st period - Penalty to Dougie Hamilton is over, Dougie Hamilton is back on ice.
15:05 of 1st period - Anthony Mantha is hit by Danton Heinen and loses puck.
15:22 of 1st period - Snap shot by Max Domi.
15:22 of 1st period - Shot Misses the Net.
15:24 of 1st period - Snap shot by Ryan Murray.
15:24 of 1st period - Stopped by Alexandar Georgiev without a rebound.
15:25 of 1st period - Max Domi wins face-off versus Dylan Larkin in Red Wings zone.
15:32 of 1st period - Slapshot by Max Domi.
15:32 of 1st period - Stopped by Alexandar Georgiev with a rebound.
15:34 of 1st period - Wrist shot by Dougie Hamilton.
15:34 of 1st period - Deflect By Max Domi.
15:34 of 1st period - Shot Misses the Net.
15:34 of 1st period - Puck is out of play.
15:35 of 1st period - Nino Niederreiter wins face-off versus Dylan Larkin in Red Wings zone.
15:39 of 1st period - Wrist shot by Tyler Toffoli.
15:39 of 1st period - Stopped by Alexandar Georgiev with a rebound.
15:41 of 1st period - Snap shot by Nino Niederreiter.
15:41 of 1st period - Goal by Nino Niederreiter - Red Wings : 1 - Jets : 1.
15:42 of 1st period - Ryan Johansen wins face-off versus Charlie Coyle in neutral zone.
15:47 of 1st period - Backhand shot by Dougie Hamilton.
15:47 of 1st period - Stopped by Alexandar Georgiev without a rebound.
15:48 of 1st period - Charlie Coyle wins face-off versus Ryan Johansen in Red Wings zone.
15:48 of 1st period - Charlie Coyle is hit by Ryan Johansen.
15:51 of 1st period - Minor Penalty to Colton Parayko for Tripping.
15:52 of 1st period - T.J. Hensick wins face-off versus Ryan Johansen in Red Wings zone.
16:04 of 1st period - T.J. Hensick is hit by Ryan Johansen and loses puck.
16:25 of 1st period - T.J. Hensick is hit by Tyler Toffoli and loses puck.
16:48 of 1st period - Snap shot by Max Domi.
16:48 of 1st period - Stopped by Alexandar Georgiev with a rebound.
17:18 of 1st period - Slapshot by Nino Niederreiter.
17:18 of 1st period - Shot Blocked by Hampus Lindholm.
17:20 of 1st period - Slapshot by Ryan Murray.
17:20 of 1st period - Deflect By Nino Niederreiter.
17:20 of 1st period - Stopped by Alexandar Georgiev without a rebound.
17:21 of 1st period - Ryan Johansen wins face-off versus T.J. Hensick in Red Wings zone.
17:51 of 1st period - Penalty to Colton Parayko is over, Colton Parayko is back on ice.
18:07 of 1st period - Off-side.
18:08 of 1st period - Charlie Coyle wins face-off versus Kyle Connor in neutral zone.
18:35 of 1st period - Minor Penalty to Danton Heinen for Slashing.
18:36 of 1st period - Tyler Seguin wins face-off versus T.J. Hensick in Red Wings zone.
18:52 of 1st period - Marco Scandella is hit by Alex Galchenyuk and loses puck.
19:57 of 1st period - Brendan Lemieux is hit by Ryan Murray and loses puck.
Goals for this period are 1 for Red Wings vs 1 for Jets.
Shots for this period are 12 for Red Wings vs 8 for Jets.
2nd period
0:01 of 2nd period - Ryan Johansen wins face-off versus T.J. Hensick in neutral zone.
0:04 of 2nd period - Roland McKeown is hit by Anthony Mantha and loses puck.
0:35 of 2nd period - Penalty to Danton Heinen is over, Danton Heinen is back on ice.
0:57 of 2nd period - Frank Vatrano is hit by Dylan Larkin.
3:07 of 2nd period - Tyler Seguin is hit by Colton Parayko and loses puck.
3:38 of 2nd period - Backhand shot by Kyle Connor.
3:38 of 2nd period - Shot Misses the Net.
4:26 of 2nd period - Off-side.
4:27 of 2nd period - Ryan Johansen wins face-off versus Dylan Larkin in neutral zone.
4:46 of 2nd period - Connor Brown is hit by Alex Galchenyuk and loses puck.
4:57 of 2nd period - Slapshot by Ryan Murray.
4:57 of 2nd period - Stopped by Alexandar Georgiev without a rebound.
4:58 of 2nd period - Nino Niederreiter wins face-off versus Charlie Coyle in Red Wings zone.
5:11 of 2nd period - Snap shot by Tyler Toffoli.
5:11 of 2nd period - Shot Misses the Net.
5:13 of 2nd period - Snap shot by Max Domi.
5:13 of 2nd period - Stopped by Alexandar Georgiev without a rebound.
5:14 of 2nd period - Dylan Larkin wins face-off versus Ryan Johansen in Red Wings zone.
5:27 of 2nd period - Snap shot by Brendan Lemieux.
5:27 of 2nd period - Stopped by Jacob Markstrom without a rebound.
5:28 of 2nd period - Charlie Coyle wins face-off versus Ryan Johansen in Jets zone.
5:40 of 2nd period - Snap shot by Tyler Seguin.
5:40 of 2nd period - Stopped by Alexandar Georgiev without a rebound.
5:41 of 2nd period - Dylan Larkin wins face-off versus Ryan Johansen in Red Wings zone.
5:54 of 2nd period - Adam Larsson is hit by Dylan Larkin and loses puck.
6:36 of 2nd period - Backhand shot by Tye McGinn.
6:36 of 2nd period - Stopped by Jacob Markstrom without a rebound.
6:37 of 2nd period - Dylan Larkin wins face-off versus Ryan Johansen in Jets zone.
6:42 of 2nd period - Wrist shot by Brendan Lemieux.
6:42 of 2nd period - Shot Misses the Net.
6:44 of 2nd period - Slapshot by Hampus Lindholm.
6:44 of 2nd period - Stopped by Jacob Markstrom without a rebound.
6:45 of 2nd period - Dylan Larkin wins face-off versus Ryan Johansen in Jets zone.
7:10 of 2nd period - Slapshot by Ryan Johansen.
7:10 of 2nd period - Deflect By Alex Galchenyuk.
7:10 of 2nd period - Stopped by Alexandar Georgiev without a rebound.
7:11 of 2nd period - Max Domi wins face-off versus Charlie Coyle in Red Wings zone.
7:38 of 2nd period - Adam Larsson is hit by David Backes and loses puck.
8:21 of 2nd period - Wrist shot by Kyle Connor.
8:21 of 2nd period - Goal by Kyle Connor - Red Wings : 1 - Jets : 2.
8:22 of 2nd period - Jake Virtanen wins face-off versus Max Domi in neutral zone.
8:33 of 2nd period - Charlie Coyle is hit by Tyler Toffoli and loses puck.
8:48 of 2nd period - Tyler Seguin is hit by Philip Samuelsson and loses puck.
8:57 of 2nd period - Snap shot by Dylan Larkin.
8:57 of 2nd period - Shot Misses the Net.
8:59 of 2nd period - Snap shot by Connor Brown.
8:59 of 2nd period - Stopped by Jacob Markstrom with a rebound.
9:15 of 2nd period - Wrist shot by Troy Stetcher.
9:15 of 2nd period - Shot Blocked by Lucas Lessio.
9:47 of 2nd period - Snap shot by Tyler Toffoli.
9:47 of 2nd period - Shot Misses the Net.
10:01 of 2nd period - Wrist shot by Danton Heinen.
10:01 of 2nd period - Stopped by Jacob Markstrom without a rebound.
10:02 of 2nd period - Charlie Coyle wins face-off versus Jeff Carter in Jets zone.
10:31 of 2nd period - Wrist shot by Frank Vatrano.
10:31 of 2nd period - Stopped by Alexandar Georgiev with a rebound.
10:33 of 2nd period - Wrist shot by Jeff Carter.
10:33 of 2nd period - Shot Blocked by Marco Scandella.
10:35 of 2nd period - Slapshot by Adam Larsson.
10:35 of 2nd period - Deflect By Frank Vatrano.
10:35 of 2nd period - Stopped by Alexandar Georgiev without a rebound.
10:36 of 2nd period - Brendan Lemieux wins face-off versus Ryan Johansen in Red Wings zone.
11:09 of 2nd period - Snap shot by David Backes.
11:09 of 2nd period - Shot Blocked by Tyler Toffoli.
11:31 of 2nd period - Wrist shot by Sam Reinhart.
11:31 of 2nd period - Shot Blocked by Roland McKeown.
11:33 of 2nd period - Snap shot by Dylan Strome.
11:33 of 2nd period - Stopped by Alexandar Georgiev with a rebound.
11:35 of 2nd period - Slapshot by Dougie Hamilton.
11:35 of 2nd period - Stopped by Alexandar Georgiev without a rebound.
11:36 of 2nd period - Ryan Johansen wins face-off versus Dylan Larkin in Red Wings zone.
11:37 of 2nd period - Slapshot by Dougie Hamilton.
11:37 of 2nd period - Shot Misses the Net.
11:47 of 2nd period - Snap shot by Tyler Seguin.
11:47 of 2nd period - Shot Blocked by Connor Brown.
12:15 of 2nd period - Charlie Coyle is hit by Nino Niederreiter and loses puck.
12:48 of 2nd period - Backhand shot by Hampus Lindholm.
12:48 of 2nd period - Stopped by Jacob Markstrom with a rebound.
13:00 of 2nd period - Slapshot by Kyle Connor.
13:00 of 2nd period - Shot Misses the Net.
13:20 of 2nd period - Wrist shot by Alex Galchenyuk.
13:20 of 2nd period - Shot Blocked by Hampus Lindholm.
13:26 of 2nd period - Minor Penalty to Dylan Larkin for Roughing.
13:27 of 2nd period - Ryan Johansen wins face-off versus T.J. Hensick in Red Wings zone.
13:56 of 2nd period - Slapshot by Max Domi.
13:56 of 2nd period - Shot Blocked by Roland McKeown.
13:56 of 2nd period - Roland McKeown from Red Wings is injured at 13:56 of 2nd period (Left Foot).
13:57 of 2nd period - T.J. Hensick wins face-off versus Alex Galchenyuk in Red Wings zone.
15:26 of 2nd period - Penalty to Dylan Larkin is over, Dylan Larkin is back on ice.
15:38 of 2nd period - Wrist shot by Danton Heinen.
15:38 of 2nd period - Deflect By Charlie Coyle.
15:38 of 2nd period - Shot Blocked by Frank Vatrano.
15:38 of 2nd period - Puck is out of play.
15:39 of 2nd period - Jeff Carter wins face-off versus Danton Heinen in Jets zone.
15:50 of 2nd period - Wrist shot by Jeff Carter.
15:50 of 2nd period - Shot Misses the Net.
16:15 of 2nd period - Wrist shot by Colton Parayko.
16:15 of 2nd period - Stopped by Jacob Markstrom with a rebound.
16:17 of 2nd period - Snap shot by Danton Heinen.
16:17 of 2nd period - Goal by Danton Heinen - Red Wings : 2 - Jets : 2.
16:18 of 2nd period - Alex Galchenyuk wins face-off versus Dylan Larkin in neutral zone.
16:21 of 2nd period - Snap shot by Alex Galchenyuk.
16:21 of 2nd period - Goal by Alex Galchenyuk - Red Wings : 2 - Jets : 3.
16:22 of 2nd period - Dylan Larkin wins face-off versus Max Domi in neutral zone.
17:31 of 2nd period - Snap shot by Carson Mcmillan.
17:31 of 2nd period - Stopped by Jacob Markstrom without a rebound.
17:32 of 2nd period - Jeff Carter wins face-off versus T.J. Hensick in Jets zone.
18:14 of 2nd period - Snap shot by Frank Vatrano.
18:14 of 2nd period - Stopped by Alexandar Georgiev with a rebound.
18:16 of 2nd period - Wrist shot by Erik Cernak.
18:16 of 2nd period - Stopped by Alexandar Georgiev with a rebound.
18:18 of 2nd period - Slapshot by Mirco Mueller.
18:18 of 2nd period - Stopped by Alexandar Georgiev with a rebound.
18:20 of 2nd period - Backhand shot by Kyle Connor.
18:20 of 2nd period - Shot Blocked by Colton Parayko.
18:22 of 2nd period - Slapshot by Erik Cernak.
18:22 of 2nd period - Shot Misses the Net.
18:24 of 2nd period - Slapshot by Mirco Mueller.
18:24 of 2nd period - Stopped by Alexandar Georgiev without a rebound.
18:25 of 2nd period - Dylan Larkin wins face-off versus Ryan Johansen in Red Wings zone.
18:25 of 2nd period - Dylan Larkin is hit by Dougie Hamilton.
18:59 of 2nd period - Slapshot by Jake Virtanen.
18:59 of 2nd period - Shot Misses the Net.
19:05 of 2nd period - Marco Scandella is hit by Tyler Toffoli and loses puck.
19:18 of 2nd period - Snap shot by Tye McGinn.
19:18 of 2nd period - Shot Misses the Net.
Goals for this period are 1 for Red Wings vs 2 for Jets.
Shots for this period are 9 for Red Wings vs 14 for Jets.
3rd period
0:01 of 3rd period - Nino Niederreiter wins face-off versus Dylan Larkin in neutral zone.
0:06 of 3rd period - Slapshot by Dougie Hamilton.
0:06 of 3rd period - Stopped by Alexandar Georgiev without a rebound.
0:07 of 3rd period - Dylan Larkin wins face-off versus Max Domi in Red Wings zone.
0:43 of 3rd period - Minor Penalty to Adam Larsson for Holding.
0:44 of 3rd period - Tyler Seguin wins face-off versus Charlie Coyle in Jets zone.
0:52 of 3rd period - Backhand shot by David Backes.
0:52 of 3rd period - Goal by David Backes - Red Wings : 3 - Jets : 3.
0:53 of 3rd period - Charlie Coyle wins face-off versus Ryan Johansen in neutral zone.
0:58 of 3rd period - Snap shot by Charlie Coyle.
0:58 of 3rd period - Shot Misses the Net.
1:00 of 3rd period - Slapshot by Colton Parayko.
1:00 of 3rd period - Shot Misses the Net.
1:02 of 3rd period - Slapshot by Colton Parayko.
1:02 of 3rd period - Stopped by Jacob Markstrom with a rebound.
1:04 of 3rd period - Slapshot by Colton Parayko.
1:04 of 3rd period - Shot Blocked by Adam Larsson.
1:06 of 3rd period - Snap shot by Hampus Lindholm.
1:06 of 3rd period - Stopped by Jacob Markstrom without a rebound.
1:07 of 3rd period - Charlie Coyle wins face-off versus Ryan Johansen in Jets zone.
1:11 of 3rd period - Minor Penalty to Adam Larsson for Holding.
1:12 of 3rd period - Dylan Larkin wins face-off versus Tyler Seguin in Jets zone.
2:30 of 3rd period - Dougie Hamilton is hit by Philip Samuelsson and loses puck.
3:02 of 3rd period - Icing by David Backes.
3:03 of 3rd period - Dylan Strome wins face-off versus Charlie Coyle in Red Wings zone.
3:11 of 3rd period - Penalty to Adam Larsson is over, Adam Larsson is back on ice.
3:18 of 3rd period - Slapshot by Max Domi.
3:18 of 3rd period - Shot Misses the Net.
3:20 of 3rd period - Snap shot by Tyler Toffoli.
3:20 of 3rd period - Shot Misses the Net.
3:22 of 3rd period - Slapshot by Tyler Toffoli.
3:22 of 3rd period - Shot Misses the Net.
3:24 of 3rd period - Snap shot by Tyler Toffoli.
3:24 of 3rd period - Stopped by Alexandar Georgiev without a rebound.
3:25 of 3rd period - Ryan Johansen wins face-off versus T.J. Hensick in Red Wings zone.
3:33 of 3rd period - Minor Penalty to Adam Larsson for Interference.
3:34 of 3rd period - Tyler Seguin wins face-off versus Dylan Larkin in Jets zone.
4:21 of 3rd period - Nino Niederreiter is hit by Brendan Lemieux and loses puck.
5:01 of 3rd period - Icing by Connor Brown.
5:02 of 3rd period - Dylan Larkin wins face-off versus Frank Vatrano in Red Wings zone.
5:25 of 3rd period - Charlie Coyle is hit by Frank Vatrano and loses puck.
5:33 of 3rd period - Penalty to Adam Larsson is over, Adam Larsson is back on ice.
6:37 of 3rd period - Off-side.
6:38 of 3rd period - Max Reinhart wins face-off versus Max Domi in neutral zone.
6:46 of 3rd period - Nino Niederreiter is hit by Colton Parayko and loses puck.
7:52 of 3rd period - Snap shot by Philip Samuelsson.
7:52 of 3rd period - Shot Misses the Net.
8:08 of 3rd period - Wrist shot by Anthony Mantha.
8:08 of 3rd period - Stopped by Alexandar Georgiev with a rebound.
8:22 of 3rd period - Connor Brown is hit by Ryan Murray and loses puck.
8:33 of 3rd period - Wrist shot by Dylan Larkin.
8:33 of 3rd period - Shot Misses the Net.
8:35 of 3rd period - Snap shot by Brendan Lemieux.
8:35 of 3rd period - Shot Misses the Net.
8:37 of 3rd period - Slapshot by Colton Parayko.
8:37 of 3rd period - Shot Misses the Net.
8:39 of 3rd period - Wrist shot by Connor Brown.
8:39 of 3rd period - Stopped by Jacob Markstrom with a rebound.
8:41 of 3rd period - Backhand shot by Colton Parayko.
8:41 of 3rd period - Deflect By Brendan Lemieux.
8:41 of 3rd period - Shot Blocked by Ryan Murray.
8:41 of 3rd period - Puck is out of play.
8:42 of 3rd period - Dylan Strome wins face-off versus Charlie Coyle in Jets zone.
8:42 of 3rd period - Dylan Strome is hit by Hampus Lindholm.
8:50 of 3rd period - Slapshot by Dougie Hamilton.
8:50 of 3rd period - Stopped by Alexandar Georgiev without a rebound.
8:51 of 3rd period - Dylan Strome wins face-off versus Charlie Coyle in Red Wings zone.
9:05 of 3rd period - Hampus Lindholm is hit by Dougie Hamilton and loses puck.
9:08 of 3rd period - Minor Penalty to Adam Larsson for Hooking.
9:09 of 3rd period - Dylan Larkin wins face-off versus Tyler Seguin in Jets zone.
9:14 of 3rd period - Wrist shot by Connor Brown.
9:14 of 3rd period - Stopped by Jacob Markstrom with a rebound.
9:16 of 3rd period - Slapshot by Brendan Lemieux.
9:16 of 3rd period - Shot Misses the Net.
9:46 of 3rd period - Snap shot by Danton Heinen.
9:46 of 3rd period - Stopped by Jacob Markstrom with a rebound.
11:08 of 3rd period - Penalty to Adam Larsson is over, Adam Larsson is back on ice.
11:34 of 3rd period - Carson Mcmillan is hit by Troy Stetcher and loses puck.
11:38 of 3rd period - Off-side.
11:39 of 3rd period - Max Reinhart wins face-off versus Jeff Carter in neutral zone.
12:00 of 3rd period - Drew Fata is hit by Sam Reinhart and loses puck.
12:05 of 3rd period - Wrist shot by Anthony Mantha.
12:05 of 3rd period - Shot Blocked by Philip Samuelsson.
12:15 of 3rd period - Connor Brown is hit by Dylan Strome and loses puck.
12:22 of 3rd period - Minor Penalty to Drew Fata for Tripping.
12:23 of 3rd period - Ryan Johansen wins face-off versus T.J. Hensick in Red Wings zone.
12:28 of 3rd period - Snap shot by Ryan Johansen.
12:28 of 3rd period - Shot Blocked by T.J. Hensick.
12:30 of 3rd period - Slapshot by Dougie Hamilton.
12:30 of 3rd period - Shot Blocked by T.J. Hensick.
12:32 of 3rd period - Wrist shot by Anthony Mantha.
12:32 of 3rd period - Deflect By T.J. Hensick.
12:32 of 3rd period - Stopped by Alexandar Georgiev with a rebound.
13:01 of 3rd period - Off-side.
13:02 of 3rd period - Max Reinhart wins face-off versus Ryan Johansen in neutral zone.
13:33 of 3rd period - Wrist shot by Max Reinhart.
13:33 of 3rd period - Shot Misses the Net.
14:22 of 3rd period - Penalty to Drew Fata is over, Drew Fata is back on ice.
14:35 of 3rd period - Snap shot by Kyle Connor.
14:35 of 3rd period - Stopped by Alexandar Georgiev with a rebound.
14:37 of 3rd period - Slapshot by Erik Cernak.
14:37 of 3rd period - Shot Misses the Net.
14:39 of 3rd period - Slapshot by Erik Cernak.
14:39 of 3rd period - Goal by Erik Cernak - Red Wings : 3 - Jets : 4.
14:40 of 3rd period - Charlie Coyle wins face-off versus Ryan Johansen in neutral zone.
14:56 of 3rd period - Wrist shot by Alex Galchenyuk.
14:56 of 3rd period - Stopped by Alexandar Georgiev without a rebound.
14:57 of 3rd period - Max Domi wins face-off versus Dylan Larkin in Red Wings zone.
15:08 of 3rd period - Wrist shot by Tyler Toffoli.
15:08 of 3rd period - Shot Misses the Net.
15:10 of 3rd period - Slapshot by Adam Larsson.
15:10 of 3rd period - Shot Blocked by Colton Parayko.
15:24 of 3rd period - Dylan Strome is hit by Colton Parayko and loses puck.
15:31 of 3rd period - Snap shot by David Backes.
15:31 of 3rd period - Stopped by Jacob Markstrom without a rebound.
15:32 of 3rd period - Tye McGinn wins face-off versus Dylan Strome in Jets zone.
16:16 of 3rd period - Snap shot by David Backes.
16:16 of 3rd period - Shot Misses the Net.
16:26 of 3rd period - Tye McGinn is hit by Troy Stetcher.
16:36 of 3rd period - Wrist shot by Anthony Mantha.
16:36 of 3rd period - Shot Misses the Net.
16:38 of 3rd period - Slapshot by Ryan Murray.
16:38 of 3rd period - Stopped by Alexandar Georgiev without a rebound.
16:39 of 3rd period - Dylan Larkin wins face-off versus Tyler Seguin in Red Wings zone.
16:46 of 3rd period - Snap shot by Brendan Lemieux.
16:46 of 3rd period - Stopped by Jacob Markstrom without a rebound.
16:47 of 3rd period - Dylan Larkin wins face-off versus Ryan Johansen in Jets zone.
17:37 of 3rd period - Slapshot by Dougie Hamilton.
17:37 of 3rd period - Shot Blocked by Colton Parayko.
17:43 of 3rd period - Alex Galchenyuk is hit by Brendan Lemieux and loses puck.
18:06 of 3rd period - Slapshot by Dylan Larkin.
18:06 of 3rd period - Stopped by Jacob Markstrom with a rebound.
18:08 of 3rd period - Snap shot by Dylan Larkin.
18:08 of 3rd period - Shot Misses the Net.
18:10 of 3rd period - Snap shot by Connor Brown.
18:10 of 3rd period - Stopped by Jacob Markstrom with a rebound.
18:12 of 3rd period - Slapshot by Hampus Lindholm.
18:12 of 3rd period - Stopped by Jacob Markstrom without a rebound.
18:13 of 3rd period - Dylan Strome wins face-off versus Max Reinhart in Jets zone.
18:48 of 3rd period - Red Wings, Alexandar Georgiev is pulled from the net.
18:54 of 3rd period - Ryan Murray is hit by Charlie Coyle and loses puck.
19:03 of 3rd period - Slapshot by Troy Stetcher.
19:03 of 3rd period - Shot Blocked by Marco Scandella.
19:05 of 3rd period - Slapshot by Troy Stetcher.
19:05 of 3rd period - Goal by Troy Stetcher - Red Wings : 3 - Jets : 5.
19:05 of 3rd period - Alexandar Georgiev from Red Wings was sent back in the game.
19:06 of 3rd period - Dylan Strome wins face-off versus Max Reinhart in neutral zone.
19:11 of 3rd period - Hampus Lindholm is hit by Sam Reinhart and loses puck.
Goals for this period are 1 for Red Wings vs 2 for Jets.
Shots for this period are 11 for Red Wings vs 10 for Jets.